 Dungeon Crawl Stone Soup version 0.30.0-19-g36f170ea60 (webtiles) character file.

Game seed: 5227872096030386116

390 Bnni the Digger (level 7, -6/51 HPs)
             Began as a Formicid Earth Elementalist on May 31, 2023.
             Blown up by a gnoll (18 damage)
             ... with a mindburst bolt
             ... on level 3 of the Dungeon.
             The game lasted 00:07:18 (3307 turns).

Bnni the Digger (Formicid Earth Elementalist)       Turns: 3307, Time: 00:07:19

Health: -6/51      AC: 14    Str: 13    XL:     7   Next: 7%
Magic:  9/12       EV:  9    Int: 16    God:
Gold:   243        SH:  0    Dex: 20    Spells: 6/12 levels left

rFire   . . .        n - +2 whip (venom)
rCold   + . .        (no shield)
rNeg    . . .        k - +7 Kryia's mail coat {PotionHeal*2 rC+}
rPois   .            (helmet unavailable)
rElec   .            (no cloak)
rCorr   .            (no gloves)
SInv    +            d - +0 pair of boots
Will    .....        (no amulet)
Stlth   +            c - +6 ring of dexterity
HPRegen 0.28/turn    (no ring)
MPRegen 0.13/turn

%: no passive effects
@: invisible
A: permanent stasis, dig shafts and tunnels, antennae 3, four strong arms
a: Dig, Shaft Self


You were on level 3 of the Dungeon.
You visited 1 branch of the dungeon, and saw 3 of its levels.

You collected 243 gold pieces.

Inventory:

Hand Weapons
 n - a +2 whip of venom (weapon)
Missiles
 f - 2 throwing nets
 g - 4 poisoned darts
Armour
 d - a +0 pair of boots (worn)
 k - the +7 Kryia's mail coat (worn) {PotionHeal*2 rC+}
   (You took it off a hobgoblin on level 3 of the Dungeon)

   PotionHeal*2: Potions heal its wearer twice as much.
   rC:        It protects you from cold.
Magical Staves
 l - a staff of conjuration
Jewellery
 c - a +6 ring of dexterity (left hand)
Wands
 b - a wand of flame (22)
Scrolls
 a - a scroll of enchant weapon {unknown}
 e - 2 scrolls of enchant armour {unknown}
 m - 2 scrolls of noise {unknown}
 o - a scroll of teleportation {unknown}
 q - a scroll of fear {unknown}
Potions
 h - 2 potions of heal wounds
 r - a potion of ambrosia {unknown}


   Skills:
 + Level 2.9 Fighting
 + Level 2.0 Armour
 - Level 1.7 Dodging
 - Level 2.4 Stealth
 + Level 3.4 Spellcasting
 - Level 3.0 Transmutations
 * Level 6.1 Earth Magic


You had 6 spell levels left.
You knew the following spells:

 Your Spells              Type           Power      Damage    Failure   Level
a - Sandblast             Erth           44%        2d11      7%          1
b - Passwall              Tmut/Erth      14%        N/A       19%         2
c - Stone Arrow           Conj/Erth      24%        3d8       56%         3

Your spell library contained the following spells:

 Spells                   Type           Power      Damage    Failure   Level
 Petrify                  Tmut/Erth      17%        N/A       77%         4


Dungeon Overview and Level Annotations

Branches:
Dungeon (3/15)

Altars:
Makhleb
Uskayaw
Xom
Zin

Annotations:
D:3 1 transporter


Innate Abilities, Weirdness & Mutations

You cannot be hasted, slowed, berserked, paralysed or teleported.
You can dig through walls and to a lower floor.
You have a pair of large antennae on your head. (SInv)
Your four strong arms can wield two-handed weapons with a shield.


Message History

You feel sick. Jannitor's ghost hits you.
Aiming: Sandblast (safe; 7% risk of failure)
Press: ? - help, Q - select action, (/) - cycle Shift-Dir - straight line, f/p - Jannitor's ghost
Aim: Jannitor's ghost (heavily damaged, 79% to hit)
The blast of sand misses Jannitor's ghost.
You feel sick. The gnoll barely misses you. Jannitor's ghost hits you.
* * * LOW HITPOINT WARNING * * *
The gnoll hits you from afar with a +0 spear.
* * * LOW HITPOINT WARNING * * *
Jannitor's ghost closely misses you.
Unknown command.
Press: ? - help, v - describe, . - travel
Here: Jannitor's ghost (heavily damaged)
The floor.
Unknown command.
Press: ? - help, v - describe, . - travel
Here: Jannitor's ghost (heavily damaged)
The floor.
Unknown command.
Okay, then.
Press: ? - help, v - describe, . - travel
Here: Jannitor's ghost (heavily damaged)
The floor.
The +7 Kryia's mail coat enhances the healing.
You feel better.
The gnoll hits you from afar with a +0 spear.
* * * LOW HITPOINT WARNING * * *
Jannitor's ghost hits you.
* * * LOW HITPOINT WARNING * * *
You fade into invisibility!
The gnoll zaps a wand.
Jannitor's ghost's mind is blasted!
Jannitor's ghost barely misses you.
You hear a shout!
Aiming: Sandblast (safe; 7% risk of failure)
Press: ? - help, Q - select action, (/) - cycle Shift-Dir - straight line, f - gnoll, p - Jannitor's ghost
Aim: a gnoll, wielding a +0 spear and carrying a wand of mindburst (15) (unusually resistant, unable to see you, 85% to hit)
The blast of sand hits Jannitor's ghost.
You destroy Jannitor's ghost!
The gnoll zaps a wand.
Your mind is blasted!
You die...

..≈≈#g8.#.###.©.###.#g8g#≈≈....#
..≈≈#...###©#####.###.g.#≈≈....#
..≈≈###.{{...{........###≈≈....#
..≈≈.8#.######{###'##.#8.≈≈....#
..≈≈.## .. #8g.#...#.##.≈≈....#
..~~.#. . #{g.g...'.g#.~~....##
..≈≈.##. #8{{#...#.##.≈≈......
..≈≈.8#.######g###'##.#8.≈≈......
..≈≈###.........@.....###≈≈......
..≈≈#...###.#####.###...#≈≈......
..≈≈#g8g#.###.©.###.#.8.#≈≈......
..≈≈#####...........#####≈≈......
..≈≈≈≈≈≈≈≈≈≈≈≈~≈≈≈≈≈≈≈≈≈≈≈≈......
..≈≈≈≈≈≈≈≈≈≈≈≈~≈≈≈≈≈≈≈≈≈≈≈≈......
.................................
..................###.....#...###
.................###.............


You could see a gnoll (resistant, unable to see you).

Vanquished Creatures
  An ogre (D:3)
  Terence (D:3)
  An orc wizard (D:3)
  9 gnolls (D:3)
  2 adders (D:2)
  2 worms
  The ghost of Jannitor the Sneak, a weakling DjDe (D:3)
  A dart slug (D:1)
  9 orcs (D:3)
  4 ball pythons
  13 endoplasms
  2 giant cockroaches
  31 goblins
  26 hobgoblins
  8 kobolds
  2 quokkas
  4 bats (D:2)
  2 frilled lizards
  A rat (D:1)
120 creatures vanquished.

Notes
Turn   | Place    | Note
-------+----------+-------------------------------------------
     0 | D:1      | Bnni the Formicid Earth Elementalist began the quest for
                  | the Orb.
     0 | D:1      | Reached XP level 1. HP: 13/13 MP: 3/3
   209 | D:1      | Reached XP level 2. HP: 20/20 MP: 3/5
   220 | D:1      | Reached skill level 4 in Earth Magic
   426 | D:1      | Reached XP level 3. HP: 25/25 MP: 4/6
   457 | D:1      | Reached skill level 1 in Fighting
   909 | D:1      | Learned a level 2 spell: Passwall
  1192 | D:2      | Reached XP level 4. HP: 32/32 MP: 3/7
  1731 | D:3      | Noticed Terence
  1731 | D:3      | Found a faded altar of an unknown god.
  1782 | D:2      | Learned a level 3 spell: Stone Arrow
  1881 | D:3      | Killed Terence
  1882 | D:3      | Reached XP level 5. HP: 21/38 MP: 1/9
  1943 | D:3      | Reached skill level 5 in Earth Magic
  2018 | D:3      | Found a hide-covered altar of Uskayaw.
  2259 | D:3      | Noticed an ogre
  2263 | D:3      | Killed an ogre
  2264 | D:3      | Reached skill level 1 in Armour
  2264 | D:3      | Reached XP level 6. HP: 28/46 MP: 6/10
  2574 | D:3      | Reached skill level 6 in Earth Magic
  2652 | D:3      | Reached XP level 7. HP: 40/51 MP: 12/12
  2866 | D:3      | Found a glowing silver altar of Zin.
  2878 | D:3      | Found a shimmering altar of Xom.
  2917 | D:3      | Found a transporter.
  2917 | D:3      | Found a transporter.
  2954 | D:3      | Noticed Jannitor's ghost (weakling DjDe)
  3116 | D:3      | Found a burning altar of Makhleb.
  3307 | D:3      | Killed Jannitor's ghost
  3307 | D:3      | Blown up by a gnoll

Illustrated notes

Levels and vault maps discovered:
D:1:      dpeg_arrival_pond, layout_loops_cross
D:2:      layout_basic, minmay_misc_feat_hallway, st_stairs_12
D:3:      minmay_goblin_kobold_castle, layout_basic,
          mainiacjoe_overflow_alcove_2, xom_teletrap_fun,
          nicolae_uskayaw_dance_hall, lemuel_crystal_altar,
          nicolae_ecumenical_oubliette, gammafunk_ghost_gnarly_gnolls,
          serial_bayou_pond_a, kennysheep_generic_room_12, uniq_terence

Skill      XL: |  1  2  3  4  5  6  7 |
---------------+----------------------+-----
Earth Magic    | 4 5 6 |  6.1
Fighting       | 1 2 |  2.9
Transmutations | 2 3 |  3.0
Spellcasting   | 3 |  3.4
Armour         | 1 2 |  2.0
Dodging        | |  1.7
Stealth        | |  2.4

Action                     |  1- 3 |  4- 6 |  7- 9 || total
---------------------------+-------+-------+-------++-------
  Melee: Unarmed           |     9 |       |       ||     9
         Club              |     2 |       |       ||     2
         Dagger            |     2 |    26 |       ||    28
         Whip              |       |   140 |    23 ||   163
         Punch             |       |     2 |       ||     2
  Throw: Throwing net      |       |     1 |       ||     1
   Cast: Sandblast         |    48 |    38 |     7 ||    93
         Stone Arrow       |       |     1 |       ||     1
  Evoke: Wand              |       |     1 |       ||     1
    Use: Scroll            |       |     3 |     1 ||     4
         Potion            |       |     1 |     3 ||     4
 Armour: Robe              |     6 |       |       ||     6
         Leather armour    |     1 |    13 |       ||    14
         Scale mail        |       |   121 |    17 ||   138
  Dodge: Dodged            |    12 |   154 |    22 ||   188
